 Dungeon Crawl Stone Soup version 0.31-a0-986-g5e6e4ef867 (webtiles) character file.

Game seed: 1832079297212882092

5 Maxmaps the Sneak (level 1, -1/16 HPs)
             Began as an Octopode Delver on Nov 7, 2023.
             Slain by an endoplasm (3 damage)
             ... on level 2 of the Dungeon.
             The game lasted 00:00:41 (283 turns).

Maxmaps the Sneak (Octopode Delver)                  Turns: 283, Time: 00:00:42

Health: -1/16      AC:  1    Str: 11    XL:     1   Next: 80%
Magic:  1/1        EV: 13    Int: 12    God:
Gold:   30         SH:  0    Dex: 13    Spells: 0/0 levels left

rFire   . .          .
                       - Unarmed
rCold   . . .        (no shield)
rNeg    . . .        (helmet restricted)
rPois   .            (no amulet)
rElec   .            f - ring of resist corrosion
rCorr   +            (no ring)
SInv    .            (no ring)
Will    +....        (no ring)
Stlth   ++++         (no ring)
HPRegen 0.22/turn    (no ring)
MPRegen 0.07/turn    (no ring)
                     (no ring)

%: no passive effects
@: enlightened, flying
A: almost no armour, amphibious, 8 rings, camouflage 1, gelatinous body 1,
(nimble swimmer 1), tentacles
a: no special abilities


You were on level 2 of the Dungeon.
You visited 1 branch of the dungeon, and saw 4 of its levels.

You collected 30 gold pieces.

Inventory:

Jewellery
 f - a ring of resist corrosion (left tentacle)
Wands
 e - a wand of digging (3)
Scrolls
 a - a scroll of fog
 b - a scroll of revelation
 c - a scroll of fear
Potions
 d - 2 potions of haste


   Skills:
 - Level 3.0 Fighting
 - Level 2.0 Dodging
 + Level 7.0 Stealth
 - Level 2.0 Unarmed Combat


You couldn't memorise any spells.
You didn't know any spells.
Your spell library was empty.

Dungeon Overview and Level Annotations

Branches:
Dungeon (5/15)
 Temple: D:4-7

Altars:
Elyvilon
Uskayaw


Innate Abilities, Weirdness & Mutations

You cannot wear most types of armour.
You are amphibious.
You can wear up to eight rings at the same time.
Your skin changes colour to match your surroundings (Stealth+).
Your rubbery body absorbs attacks. (AC +1, EV +1)
((You are camouflaged when in or above water. (Stealth+)))
You have tentacles for arms and can constrict up to eight enemies at once.


Message History

A kobold comes into view. It is wielding a +0 short sword.
The endoplasm quivers.
The goblin hits you with a +0 club.
You closely miss the goblin. Your grab misses the goblin.
The goblin barely misses you.
You tentacle-slap the goblin. You grab the goblin.
The goblin is heavily wounded.
You constrict the goblin. The goblin hits you with a +0 club.
You tentacle-slap the goblin but do no damage.
Your squeeze misses the goblin.
The goblin is severely wounded.
You constrict the goblin.
You kill the goblin!
Your Stealth skill increases to level 7!
You tentacle-slap the hobgoblin. Your grab misses the hobgoblin.
Your squeeze misses the hobgoblin.
The hobgoblin is heavily wounded.
You tentacle-slap the hobgoblin. Your grab misses the hobgoblin.
The hobgoblin is severely wounded.
The hobgoblin hits you. The hobgoblin misses you.
You are too injured to fight recklessly!
You tentacle-slap the hobgoblin. Your grab misses the hobgoblin.
The hobgoblin is lightly wounded.
The hobgoblin closely misses you. x2
A goblin comes into view. It is wielding a +0 dagger.
The goblin shouts!
You tentacle-slap the hobgoblin. You grab the hobgoblin.
The hobgoblin is severely wounded.
You constrict the hobgoblin. The endoplasm freezes you.
You are frozen.
* * * LOW HITPOINT WARNING * * *
The hobgoblin hits you but does no damage.
The hobgoblin closely misses you.
It was a potion of enlightenment.
You feel very buoyant.
You fly up into the air.
You constrict the hobgoblin.
You kill the hobgoblin!
The endoplasm hits you.
You die...

#..#........#
#.#.#.#.....##
............#
#.#.#......#
..........#
#.#.#.#......#
......gJ.....#
#@.>..#
...........##
#.#.#.######
##


You could see an endoplasm and a hobgoblin.

Vanquished Creatures
  A goblin (D:2)
  A hobgoblin (D:2)
  3 jackals (D:4)
5 creatures vanquished.

Notes
Turn   | Place    | Note
-------+----------+-------------------------------------------
     0 | D:5      | Maxmaps the Octopode Delver began the quest for the Orb.
     0 | D:5      | Reached XP level 1. HP: 16/16 MP: 1/1
     2 | D:5      | Found a white marble altar of Elyvilon.
    14 | D:5      | Found a hide-covered altar of Uskayaw.
   279 | D:2      | Reached skill level 7 in Stealth
   283 | D:2      | Slain by an endoplasm

Illustrated notes

Levels and vault maps discovered:
D:2:      layout_rooms, serial_shops, nicolae_shop_tiny_waterfront, st_stairs_9
D:3:      layout_basic, serial_glass, glass_columns_a, glass_columns_a,
          minmay_strange_pillars, item_on_display_a, feat_on_display
D:4:      layout_basic
D:5:      layout_rooms, elyvilon_altar_4, nicolae_tso_swordbearing_angel,
          old_standard_altar, temple_doors_e, serial_shops, shop, serial_undead,
          serial_undead_d, serial_undead_c, serial_undead_a, serial_undead_e

Skill      XL: |  1 |
---------------+----+-----
Stealth        | 7 |  7.0
Fighting       | |  3.0
Dodging        | |  2.0
Unarmed Combat | |  2.0

Action                     || total
---------------------------++-------
  Melee: Unarmed           ||    16
         Constrict         ||     4
         Tentacles         ||     2
    Use: Scroll            ||     1
         Potion            ||     1
 Armour: Skin              ||    10
  Dodge: Dodged            ||    18

Table legend: (Time is in decaauts)
 A = Elapsed time spent in this place.
 B = Non-inter-level travel time spent in this place.
 C = Inter-level travel time spent in this place.
 D = Time resting spent in this place.
 E = Time spent auto-exploring this place.
 F = Levels seen in this place.
 G = Mean time per level.
                   A        B        C        D        E       F      G
               +--------+--------+--------+--------+--------+-----+--------+
         Total |    282 |    280 |      2 |     30 |    140 |   4 |   70.5 |
       Dungeon |    282 |    280 |      2 |     30 |    140 |   4 |   70.5 |
               +--------+--------+--------+--------+--------+-----+--------+

Top non-repeatable levels by time:
     D:4: 207 daAuts
     D:5: 41 daAuts
     D:3: 24 daAuts
     D:2: 9 daAuts
